 Dungeon Crawl Stone Soup version 0.19.5 (webtiles) character file.

44 tidbits the Conjurer (level 3, 1/25 HPs)
             Began as a High Elf Wanderer on July 17, 2017.
             Quit the game on level 2 of the Dungeon.
             The game lasted 00:11:09 (1189 turns).

tidbits the Conjurer (High Elf Wanderer)            Turns: 1189, Time: 00:11:10

Health: 1/25       AC: 10    Str: 12    XL:     3   Next: 39%
Magic:  4/4        EV: 10    Int: 13    God:
Gold:   118        SH:  0    Dex: 19    Spells: 0 memorised, 2 levels left

rFire  . . .     SeeInvis .     a - +0 dagger
rCold  . . .     Gourm    .     e - +2 scale mail
rNeg   . . .     Faith    .     (no shield)
rPois  .         Spirit   .     B - +0 helmet
rElec  .         Reflect  .     (no cloak)
rCorr  .         Harm     .     G - +0 pair of gloves
MR     .....                    (no boots)
Stlth  ..........               (no amulet)
                                (no ring)
                                h - ring of loudness (curse)

@: lethally poisoned (1 -> -2), flying, very slightly contaminated, hasted, very
quick
A: agile 1, low mp 1, screaming 1
a: no special abilities


You were on level 2 of the Dungeon.
You were not hungry.

You visited 1 branch of the dungeon, and saw 3 of its levels.

You collected 118 gold pieces.

Inventory:

Hand Weapons
 a - a +0 dagger (weapon)
 k - a +0 short sword
   (You took it off a kobold on level 1 of the Dungeon)
 q - a +0 trident
   (You found it on level 2 of the Dungeon)
Missiles
 d - 37 stones
 g - 39 arrows
 n - 11 bolts
 x - 6 javelins (quivered)
Armour
 e - a +2 scale mail (worn)
 B - a +0 helmet (worn)
   (You found it on level 1 of the Dungeon)
 G - a +0 pair of gloves (worn)
   (You found it on level 1 of the Dungeon)
Jewellery
 h - a cursed ring of loudness (left hand)
   (You found it on level 1 of the Dungeon)
 p - an uncursed amulet of guardian spirit {unknown}
   (You found it on level 2 of the Dungeon)
Scrolls
 i - 2 scrolls of remove curse {unknown}
 o - a scroll of recharging {unknown}
 r - a scroll of enchant weapon {unknown}
 s - a scroll of immolation {unknown}
 t - a scroll of magic mapping {unknown}
 v - a scroll of blinking {unknown}
 y - a scroll of identify {unknown}
Books
 b - the Disquisition on Shape Shifting

   Spells                             Type                      Level
   a - Passwall                       Transmutation/Earth          2
   b - Sticks to Snakes               Transmutation                2
 c - the Volume of Conjuration

   Spells                             Type                      Level
   a - Flame Tongue                   Conjuration/Fire             1
   b - Static Discharge               Conjuration/Air              3
Comestibles
 f - 2 bread rations
 l - a chunk of flesh
 m - a beef jerky
 w - a slice of pizza
 z - a meat ration


   Skills:
 + Level 2.6 Fighting
 - Level 1.0 Armour
 - Level 2.7 Dodging
 - Level 1.1 Stealth
   Level 4.3 Conjurations
   Level 1.2 Air Magic
   Level 1.0 Evocations


You had 2 spell levels left.
You didn't know any spells.

Dungeon Overview and Level Annotations

Branches:
Dungeon (3/15)

Altars:
Kikubaaqudgha

Annotations:
D:3 Sigmund


Innate Abilities, Weirdness & Mutations

You are agile. (Dex +2)
Your magical capacity is low. (-10% MP)
You occasionally shout uncontrollably at your foes.


Message History

You hit the rat.
You kill the rat!
You see here a rat corpse.
There is a stone staircase leading down here.
You climb downwards.
You hear the sound of rushing water.
There is an entrance to a sewer on this level.
Hurry and find it before the portal rusts away!
There is a stone staircase leading up here.
A bat and a dart slug come into view.
Found a scroll labeled SOGIDY OBAO.
The bat barely misses you. The bat hits you but does no damage.
You closely miss the bat. The bat barely misses you.
The dart slug launches a dart at you. The slug dart hits you!
* * * LOW HITPOINT WARNING * * *
The bat closely misses you.
Your magical contamination has completely faded away.
The bat barely misses you. The bat hits you.
* * * LOW HITPOINT WARNING * * *
The bat closely misses you.
There is a stone staircase leading up here.
The bat barely misses you. The bat hits you but does no damage.
You climb upwards.
There is a stone staircase leading down here.
There is a stone staircase leading down here.
You open the door.
There is an open door here.
Found 9 gold pieces.
You now have 118 gold pieces (gained 9).
A rat comes into view.
You hit the rat.
You kill the rat!
You see here a rat corpse.
A goblin comes into view. It is wielding a club.
The goblin shouts!
You hit the goblin.
The goblin is almost dead.
The goblin barely misses you.
You barely miss the goblin.
The goblin is almost dead.
The goblin closely misses you.
You closely miss the goblin.
The goblin is almost dead.
The goblin hits you with a club.
* * * LOW HITPOINT WARNING * * *
You hit the goblin.
You kill the goblin!
You see here a club.
There is a stone staircase leading down here.
You climb downwards.
You hear the sound of rushing water.
There is an entrance to a sewer on this level.
Hurry and find it before the portal rusts away!
You hear the slow rusting of a very distant drain.
Sigmund the Dreaded comes into view.
He is wielding a scythe.
Sigmund shouts!
You hear an angry hiss.
Sigmund hits you from afar with a scythe.
* * * LOW HITPOINT WARNING * * *
The adder bites you but does no damage.
Found 5 gold pieces and 13 bolts.
An adder comes into view.
There is a stone staircase leading up, spattered with blood here.
The adder bites you but does no damage. Sigmund hits you but does no damage.
You climb upwards.
There is a stone staircase leading down here.
It was a potion of flight.
You feel very buoyant.
You fly up into the air.
The adder bites you but does no damage. x2
You feel yourself speed up. The adder completely misses you.
You are very lightly contaminated with residual magic.
You hit the adder.
The adder is moderately wounded.
The adder barely misses you.
You hit the adder.
The adder is severely wounded.
The adder bites you but does no damage.
You barely miss the adder.
The adder is severely wounded.
The adder bites you but does no damage.
You hit the adder.
The adder is almost dead.
You barely miss the adder.
The adder is almost dead.
The adder bites you but does no damage.
You barely miss the adder.
The adder is almost dead.
The adder closely misses you.
You completely miss the adder.
The adder is almost dead.
The adder barely misses you.
You completely miss the adder.
The adder is almost dead.
The adder bites you.
* * * LOW HITPOINT WARNING * * *
You are lethally poisoned!
The adder poisons you!
You closely miss the adder.
The adder is almost dead.
* * * LOW HITPOINT WARNING * * *
You feel sick. The adder bites you but does no damage.
Are you sure you want to abandon this character and quit the game? (Confirm with "yes".)

#.####)###.##..........
#.#........##..###.####
#.#.##.###.##...##.#
#......###.......#.#
#...............##.#
#.#.##.###.###.###.#
#.#.##.# #.........#
#...##.# #####.#####
#.####@# ##+## #. #S#
##...## #.####.#
##.....## #......#
##.......## #
#.#...####.........####
##........+.........'...
#......####.........####
#.....## ##.......## .
#....## ##.....## .#


You could see an adder.

Vanquished Creatures
  An adder (D:2)
  2 dart slugs
  2 leopard geckos
  A ball python (D:1)
  2 bats
  3 goblins
  4 hobgoblins
  3 jackals (D:2)
  5 kobolds (D:1)
  A frilled lizard (D:1)
  3 rats
27 creatures vanquished.

Notes
Turn   | Place    | Note
-------+----------+-------------------------------------------
     0 | D:1      | tidbits the High Elf Wanderer began the quest for the Orb.
     0 | D:1      | tidbits set off with: a +2 scale mail, the Disquisition on Shape Shifting, the Volume of Conjuration, a +0 dagger, a bread ration
     0 | D:1      | Reached XP level 1. HP: 14/14 MP: 2/2
     0 | D:1      | Identified the Disquisition on Shape Shifting
     0 | D:1      | Identified the Volume of Conjuration
    67 | D:1      | Reached skill level 1 in Dodging
   172 | D:2      | Reached XP level 2. HP: 6/19 MP: 3/3
   259 | D:1      | Reached skill level 2 in Dodging
   345 | D:1      | You fall through a shaft!
   893 | D:2      | Found an ancient bone altar of Kikubaaqudgha.
  1002 | D:2      | Reached XP level 3. HP: 8/25 MP: 4/4
  1007 | D:2      | Gained mutation: You are agile. (Dex +2) [potion of mutation]
  1007 | D:2      | Gained mutation: Your magical capacity is low. (-10% MP) [potion of mutation]
  1007 | D:2      | Gained mutation: You occasionally shout uncontrollably at your foes. [potion of mutation]
  1175 | D:3      | Noticed Sigmund
  1187 | D:2      | HP: 2/25 [adder (3)]
  1189 | D:2      | Quit the game

Skill      XL: |  1  2 |
---------------+-------+-----
Dodging        | 1 2 |  2.7
Fighting       | |  2.6
Armour         | |  1.0
Stealth        | |  1.1
Conjurations   | |  4.3
Air Magic      | |  1.2
Evocations     | |  1.0

Action                   || total
-------------------------++-------
Melee: Dagger            ||   162
  Use: Potion            ||     5
  Eat: Chunk             ||     1
Armor: Scale mail        ||    75
Dodge: Dodged            ||    78

Table legend:
 A = Turns spent in this place as a percentage of turns spent in the entire game.
 B = Non-inter-level travel turns spent in this place as a percentage of non-inter-level travel turns spent in the entire game.
 C = Inter-level travel turns spent in this place as a percentage of turns spent in this place.
 D = Turns resting spent in this place as a percentage of non-inter-level travel turns spent in this place.
 E = Turns spent auto-exploring this place as a percentage of non-inter-level travel turns spent in this place.
 F = Non-inter-level travel turns spent in this place divided by the number of levels of this place that you've seen.
                   A       B       C       D       E      F
               +-------+-------+-------+-------+-------+----------------------
         Total | 100.0 | 100.0 |   0.2 |   0.0 |   0.0 | 366.0
       Dungeon | 100.0 | 100.0 |   0.2 |   0.0 |   0.0 | 366.0
               +-------+-------+-------+-------+-------+----------------------

Table legend:
 A = Kills in this place as a percentage of kills in entire the game.
 B = Kills by you in this place as a percentage of kills by you in the entire game.
 C = Kills by friends in this place as a percentage of kills by friends in the entire game.
 D = Other kills in this place as a percentage of other kills in the entire game.
 E = Experience gained in this place as a percentage of experience gained in the entire game.
 F = Experience gained in this place divided by the number of levels of this place that you have seen.
                   A       B       C       D       E      F
               +-------+-------+-------+-------+-------+----------------------
         Total | 100.0 | 100.0 |  -nan |  -nan | 100.0 |  21.0
       Dungeon | 100.0 | 100.0 |  -nan |  -nan | 100.0 |  21.0
               +-------+-------+-------+-------+-------+----------------------

Vault maps used:
D:1:      tarquinn_simple_flora_water_d
D:2:      kiku_gazebo_garden_becter, first_bread, serial_bayou_pond_b
D:3:      portal_sewer_entry_c, uniq_sigmund, uniq_iyjb, uniq_grinder
